 Dungeon Crawl Stone Soup version 0.20.0-15-g7f486f2 (webtiles) character file.

2433 StormFighter the Carver (level 9, -6/79 HPs)
             Began as a Minotaur Fighter on June 26, 2017.
             Was a Priest of Ru.
             Mangled by a white ugly thing (10 damage)
             ... on level 7 of the Dungeon.
             The game lasted 00:12:01 (6297 turns).

StormFighter the Carver (Minotaur Fighter)          Turns: 6297, Time: 00:12:02

Health: -6/79      AC: 13    Str: 24    XL:     9   Next: 24%
Magic:  0/8        EV:  7    Int:  5    God:    Ru [***...]
Gold:   430        SH:  9    Dex: 10    Spells: 8/8 levels left

rFire    . . .     SeeInvis .   B - +8 mace "Eripef" {crush, rC++}
rCold    + + .     Gourm    .   c - +0 shield
rNeg     . . .     Faith    .   p - +2 scale mail {rPois}
rPois    +         Spirit   +   (helmet restricted)
rElec    .         Reflect  .   o - +1 cloak {MR+}
rCorr    .         Harm     .   k - +0 pair of gloves
MR       +....                  (no boots)
Stlth    ..........             C - amulet of guardian spirit
Regen    0.3/turn               (no ring)
MPRegen  0.2/turn               (no ring)

@: no status effects
A: retaliatory headbutt, horns 2, inability to use devices, no air magic, no
necromancy magic, no summoning magic
a: Draw Out Power, Renounce Religion


You were on level 7 of the Dungeon.
You worshipped Ru.
Ru was most pleased with you.
You were not hungry.

You visited 1 branch of the dungeon, and saw 7 of its levels.
You also visited: Sewer.

You collected 430 gold pieces.

Inventory:

Hand Weapons
 a - a +1 long sword
 B - the +8 mace "Eripef" (weapon) {crush, rC++}
   (You found it on level 5 of the Dungeon)

   It inflicts extra damage upon your enemies.
   It greatly protects you from cold.
Missiles
 r - 16 javelins (quivered)
Armour
 c - a +0 shield (worn)
 k - a +0 pair of gloves (worn)
 o - a +1 cloak of magic resistance (worn)
 p - a +2 scale mail of poison resistance (worn)
Jewellery
 C - an amulet of guardian spirit (around neck)
Scrolls
 b - 3 scrolls of enchant armour {unknown}
 g - 2 scrolls of fear
 h - 4 scrolls of identify
 m - a scroll of immolation
 q - 7 scrolls of teleportation
 s - a scroll of blinking {unknown}
 t - a scroll of recharging
 y - a scroll of random uselessness {unknown}
 F - a scroll of fog {unknown}
 H - 3 scrolls of remove curse
Potions
 d - a potion of might
 e - 3 potions of mutation
 j - 2 potions of haste {unknown}
 l - 2 potions of brilliance {unknown}
 n - 2 potions of lignification {unknown}
 u - 2 potions of flight
 v - 4 potions of invisibility {unknown}
 x - a potion of resistance {unknown}
 z - a potion of degeneration {unknown}
 D - 4 potions of curing {unknown}
 E - a potion of magic {unknown}
 G - a potion of agility {unknown}
 I - a potion of heal wounds
Books
 A - a book of the Dragon

   Spells                             Type                      Level
   a - Flame Tongue                   Conjuration/Fire             1
   b - Cause Fear                     Hexes                        4
   c - Bolt of Fire                   Conjuration/Fire             6
   d - Dragon Form                    Transmutation                7
   e - Dragon's Call                  Summoning                    9
 J - a Young Poisoner's Handbook

   Spells                             Type                      Level
   a - Sting                          Conjuration/Poison           1
   b - Poisonous Vapours              Poison/Air                   2
   c - Mephitic Cloud                 Conjuration/Poison/Air       3
   d - Olgreb's Toxic Radiance        Poison                       4
   e - Venom Bolt                     Conjuration/Poison           5
Comestibles
 f - 9 bread rations
 i - 6 meat rations
 w - 2 fruits
 K - a chunk of flesh


   Skills:
 * Level 7.3 Fighting
 - Level 10.7 Long Blades
 + Level 4.7 Maces & Flails
 * Level 7.6 Armour
 - Level 3.8 Shields


You had 8 spell levels left.
You didn't know any spells.

Dungeon Overview and Level Annotations

Branches:
Dungeon (7/15)             Temple (0/1) D:4

Altars:
Elyvilon
Hepliaklqana
Kikubaaqudgha
Qazlal
Ru
Sif Muna
Uskayaw
Xom
The Shining One

Annotations:
D:2 Sigmund


Innate Abilities, Weirdness & Mutations

You reflexively headbutt those who attack you in melee.
You have a pair of horns on your head.
You cannot study or use magical devices.
You cannot study or cast Air magic.
You cannot study or cast Necromancy magic.
You cannot study or cast Summoning magic.


Message History

You hit the white ugly thing.
The white ugly thing is almost dead.
You block the white ugly thing's attack.
Something hits you but does no damage. The orc barely misses you.
Unknown command.
You closely miss the white ugly thing.
Your headbutt misses the white ugly thing.
The white ugly thing is almost dead.
You block the white ugly thing's attack.
Something hits you but does no damage. You block the orc's attack.
The white ugly thing bites you but does no damage.
You redirect something's attack!
Okay, then.
You hit the white ugly thing but do no damage.
You headbutt the white ugly thing.
The white ugly thing is almost dead.
You block the orc's attack. The white ugly thing bites you!
* * * LOW HITPOINT WARNING * * *
The white ugly thing freezes you! You resist.
You die...

_..#### .......
### #.....? ...
#...... # #.
#......##########
# .##.
#.....o..........
......
......u[.........
#.##.
#>....@.........
.....
#.###{..$.......
##. #...........
#. #...........
#. #.
#........... #.
#. #...........
#. #.
#........... #.
#. #...........
#. #.
#........... ##


You could see a white ugly thing and an orc.

Vanquished Creatures
  A spriggan (D:7)
  An orc warrior (D:6)
  A phantom (D:4)
  An ice beast (D:6)
  3 ogres
  3 centaurs
  2 scorpions (D:5)
  4 howler monkeys
  2 crimson imps
  A bullfrog zombie (D:5)
  3 hounds
  2 jellies
  Crazy Yiuf (D:3)
  8 orc priests
  9 orc wizards
  3 iguanas
  2 worker ants
  A worker ant zombie (D:6)
  4 gnolls (D:5)
  9 adders
  A river rat (D:4)
  4 shadow imps
  6 oozes
  2 adder skeletons (D:4)
  7 worms
  A dart slug (D:1)
  8 leopard geckos
  25 orcs
  5 ball pythons
  18 bats
  7 giant cockroaches
  5 goblins
  5 hobgoblins
  12 jackals
  4 quokkas
  6 frilled lizards
  10 kobolds
  A leopard gecko zombie (D:7)
  2 quokka skeletons (D:5)
  11 rats
201 creatures vanquished.

Notes
Turn   | Place    | Note
-------+----------+-------------------------------------------
     0 | D:1      | StormFighter the Minotaur Fighter began the quest for the Orb.
     0 | D:1      | Reached XP level 1. HP: 19/19 MP: 0/0
   134 | D:1      | Reached skill level 3 in Long Blades
   134 | D:1      | Reached XP level 2. HP: 24/27 MP: 1/1
   582 | D:1      | Reached XP level 3. HP: 31/33 MP: 2/2
   582 | D:1      | Reached skill level 4 in Long Blades
   743 | D:2      | Noticed Sigmund
  1332 | D:3      | Reached skill level 5 in Long Blades
  1333 | D:3      | Reached XP level 4. HP: 31/40 MP: 3/3
  1558 | D:3      | Found a stormy altar of Qazlal.
  1762 | D:3      | Reached skill level 6 in Long Blades
  1952 | D:3      | Found a runed door.
  1975 | D:3      | Reached XP level 5. HP: 33/46 MP: 4/4
  2104 | D:3      | Found a sacrificial altar of Ru.
  2173 | D:3      | Became a worshipper of Ru the Awakened
  2423 | D:3      | Noticed Crazy Yiuf
  2429 | D:3      | Killed Crazy Yiuf
  2558 | D:4      | Noticed an ogre
  2565 | D:4      | Reached skill level 7 in Long Blades
  2616 | D:4      | Killed an ogre
  2616 | D:4      | Reached XP level 6. HP: 24/52 MP: 5/5
  2638 | D:4      | Found a glowing drain.
  2646 | D:4      | Reached skill level 8 in Long Blades
  2676 | Sewer    | Entered a sewer
  3168 | D:4      | Reached skill level 9 in Long Blades
  3168 | D:4      | Reached XP level 7. HP: 22/58 MP: 6/6
  3563 | D:4      | Found a staircase to the Ecumenical Temple.
  3584 | D:4      | Gained mutation: You cannot study or use magical devices. [Ru sacrifice]
  3584 | D:4      | Reached * piety under Ru
  3584 | D:4      | Reached ** piety under Ru
  3673 | D:4      | Found a hazy altar of Hepliaklqana.
  3881 | D:5      | Entered Level 5 of the Dungeon
  4101 | D:5      | Reached skill level 10 in Long Blades
  4487 | D:5      | Got a smoking mace
  4488 | D:5      | Identified the +8 mace "Eripef" {crush, rC++} (You found it on level 5 of the Dungeon)
  4559 | D:5      | Reached XP level 8. HP: 45/66 MP: 7/7
  4697 | D:5      | Reached skill level 1 in Maces & Flails
  5013 | D:6      | Reached skill level 5 in Fighting
  5013 | D:6      | Reached skill level 5 in Armour
  5201 | D:6      | Found a shimmering altar of Xom.
  5202 | D:6      | Found a hide-covered altar of Uskayaw.
  5238 | D:6      | Found a stormy altar of Qazlal.
  5370 | D:6      | Reached XP level 9. HP: 48/78 MP: 6/8
  5834 | D:6      | Found a deep blue altar of Sif Muna.
  6122 | D:7      | Gained mutation: You cannot study or cast Air magic. [Ru sacrifice]
  6122 | D:7      | Gained mutation: You cannot study or cast Necromancy magic. [Ru sacrifice]
  6122 | D:7      | Gained mutation: You cannot study or cast Summoning magic. [Ru sacrifice]
  6122 | D:7      | Reached *** piety under Ru
  6192 | D:7      | Found an ancient bone altar of Kikubaaqudgha.
  6244 | D:7      | Found a white marble altar of Elyvilon.
  6283 | D:7      | Noticed a white ugly thing
  6285 | D:7      | Found a glowing golden altar of the Shining One.
  6297 | D:7      | Mangled by a white ugly thing

Skill      XL: |  1  2  3  4  5  6  7  8  9 |
---------------+----------------------------+-----
Long Blades    | 3 5 6 7 9 10 | 10.7
Fighting       | 4 6 7 |  7.3
Armour         | 4 6 7 |  7.6
Maces & Flails | 3 4 |  4.7
Shields        | |  3.8

Action                   |  1- 3 |  4- 6 |  7- 9 || total
-------------------------+-------+-------+-------++-------
Melee: Long sword        |    53 |   116 |    85 ||   254
       Headbutt          |    19 |    37 |    33 ||    89
       Spear             |    94 |   102 |       ||   196
       Mace              |       |       |   166 ||   166
Invok: Sacrifice Artific |       |       |     1 ||     1
       Sacrifice Arcana  |       |       |     1 ||     1
  Use: Scroll            |     6 |     1 |       ||     7
       Potion            |       |     1 |       ||     1
 Stab: Invisible         |       |       |     1 ||     1
  Eat: Chunk             |     1 |     7 |    10 ||    18
Armor: Scale mail        |    59 |    82 |   118 ||   259
Dodge: Dodged            |    41 |    46 |    76 ||   163
Block: Shield            |    72 |   115 |   119 ||   306
       Rpst.: Long sword |     2 |     5 |     5 ||    12
